Map: Arctic Gates

Players

friend

  • Race: Protoss Protoss
  • Spawn Location: 9:00

Fiore

  • Race: Terran Terran
  • Spawn Location: 0:00

Metasapien

  • Race: Zerg Zerg
  • League: Platinum
  • Spawn Location: 0:00

Kswiss

  • Race: Protoss Protoss
  • Spawn Location: 3:00

VOD

Have the link to the VOD?

Description

Time

  • Played on: Sept. 17, 2017, 1:57 p.m.
  • Length: 17:42
Show
View Real Time Build Order
Export as new Build Order

friend Protoss 

Build Orders:  

Get SALT Encoding   

  12  0:03  Probe (Chrono Boost)  
  13  0:25  Probe (Chrono Boost)  
  13  0:26  Pylon  
  14  0:36  Probe (Chrono Boost)  
  15  0:46  Probe (Chrono Boost)  
  15  0:48  Forge  
  16  0:57  Probe (Chrono Boost)  
  17  1:07  Assimilator  
  17  1:11  Probe (Chrono Boost)  
  17  1:12  Assimilator  
  18  1:23  Photon Cannon  
  18  1:36  Photon Cannon  
  18  1:39  Probe (Chrono Boost)  
  19  1:44  Pylon  
  19  1:50  Probe (Chrono Boost)  
  20  1:55  Pylon  
  20  2:00  Probe (Chrono Boost)  
  21  2:10  Photon Cannon  
  21  2:32  Pylon  
  21  2:39  Probe (Chrono Boost), Gateway  
  22  2:57  Photon Cannon  
  22  3:01  Photon Cannon  
  22  3:04  Probe (Chrono Boost)  
  23  3:14  Probe (Chrono Boost)  
  24  3:25  Probe (Chrono Boost)  
  25  3:29  Cybernetics Core  
  25  3:35  Probe (Chrono Boost)  
  26  4:07  Stargate  
  26  4:17  Nexus  
  26  4:19  Assimilator  
  26  4:20  Probe (Chrono Boost)  
  26  4:23  Assimilator  
  27  4:29  Stargate  
  27  4:31  Probe (Chrono Boost)  
  29  4:46  Probe (Chrono Boost)  
  29  4:51  Void Ray (Chrono Boost)  
  33  4:56  Probe (Chrono Boost)  
  33  4:59  Pylon  
  34  5:08  Probe  
  39  5:20  Void Ray (Chrono Boost), Probe  
  40  5:25  Pylon  
  40  5:32  Probe  
  41  5:35  Fleet Beacon  
  41  5:44  Probe  
  41  5:46  Probe  
  41  5:47  Void Ray (Chrono Boost)  
  47  5:56  Probe  
  48  5:57  Probe  
  49  6:07  Probe  
  49  6:09  Probe  
  51  6:18  Probe  
  55  6:21  Probe  
  55  6:24  Void Ray (Chrono Boost)  
  57  6:26  Graviton Catapult  
  63  6:54  Carrier (Chrono Boost)  
  63  7:09  Probe  
  63  7:11  Probe  
  71  7:22  Carrier (Chrono Boost)  
  67  8:26  Carrier (Chrono Boost)  
  71  9:23  Carrier (Chrono Boost)  
  61  9:52  Carrier (Chrono Boost)  
  61  10:07  Stargate x2  
  61  10:15  Probe  
  61  10:17  Probe  
  63  10:26  Probe  
  64  10:29  Probe  
  65  10:36  Probe  
  65  10:41  Probe  
  67  10:47  Probe  
  68  10:53  Probe  
  69  11:00  Nexus  
  69  11:04  Probe, Assimilator  
  69  11:05  Probe  
  69  11:08  Assimilator  
  77  11:15  Probe  
  78  11:23  Carrier (Chrono Boost)  
  78  11:24  Pylon  
  78  11:25  Pylon  
  78  11:26  Pylon  
  78  11:28  Pylon  
  78  11:30  Pylon  
  78  11:33  Pylon  
  78  11:34  Pylon  
  78  11:35  Pylon  
  78  11:41  Probe  
  78  11:42  Probe  
  78  11:46  Carrier (Chrono Boost), Protoss Air Weapons Level 1  
  98  11:51  Probe  
  98  11:52  Protoss Shields Level 1  
  99  11:54  Probe  
  99  11:55  Carrier x2 (Chrono Boost)  
  100  12:02  Probe  
  100  12:06  Probe  
  102  12:12  Probe  
  103  12:18  Probe  
  104  12:29  Mothership Core  
  104  12:30  Stargate  
  104  12:31  Probe  
  104  12:33  Probe  
  108  12:41  Nexus  
  108  12:43  Assimilator  
  114  12:45  Probe  
  114  12:47  Assimilator  
  115  12:54  Pylon  
  115  12:55  Carrier (Chrono Boost), Probe  
  115  12:56  Probe, Pylon  
  115  12:57  Probe  
  118  12:58  Pylon  
  118  13:00  Pylon  
  118  13:03  Carrier (Chrono Boost)  
  124  13:06  Probe  
  143  13:24  Carrier x2 (Chrono Boost)  
  143  13:26  Carrier (Chrono Boost)  
  143  13:41  Probe x2  
  149  13:42  Probe  
  152  13:51  Probe x2  
  152  13:54  Probe  
  155  13:59  Protoss Air Weapons Level 2  
  155  14:02  Probe x2  
  155  14:04  Twilight Council  
  155  14:06  Probe  
  158  14:19  Probe x3, Robotics Facility  
  158  14:20  Probe  
  168  14:25  Carrier (Chrono Boost)  
  168  14:30  Probe  
  174  14:33  Probe  
  174  14:36  Carrier (Chrono Boost)  
  194  14:53  Carrier x2 (Chrono Boost)  
  194  14:55  Carrier (Chrono Boost)  
  194  15:07  Probe x3  
  194  15:08  Probe  
  198  15:21  Probe  
  199  15:31  Nexus  
  199  15:34  Assimilator  
  199  15:37  Assimilator  
  199  15:41  Pylon  
  199  15:43  Pylon  
  199  15:45  Pylon  
Show
View Real Time Build Order
Export as new Build Order

Fiore Terran 

Build Orders: MMM Bio 

Get SALT Encoding   

  12  0:02  SCV  
  13  0:15  SCV  
  14  0:25  Supply Depot  
  14  0:27  SCV  
  15  0:45  Engineering Bay  
  15  0:51  Barracks  
  15  0:53  SCV  
  16  1:05  SCV  
  16  1:08  Barracks  
  17  1:32  Refinery  
  17  1:35  SCV  
  17  1:36  Missile Turret  
  17  1:37  Refinery  
  17  1:39  Marine  
  19  1:47  SCV  
  20  1:57  Marine  
  20  2:00  SCV  
  20  2:01  Barracks  
  22  2:26  Marine  
  23  2:30  Orbital Command, Supply Depot  
  23  2:40  Barracks Tech Lab  
  23  2:50  Missile Turret, Barracks Reactor  
  23  2:51  Marine  
  23  2:54  Supply Depot  
  24  3:01  Marine  
  25  3:06  Terran Infantry Weapons Level 1  
  25  3:09  Marine  
  26  3:16  Combat Shields  
  26  3:23  Marine  
  27  3:27  Supply Depot, Marine  
  27  3:30  Marine x2  
  30  3:41  Marine  
  30  3:45  Marine  
  30  3:48  Marine  
  33  3:58  Marine  
  33  3:59  Factory, Marine  
  35  4:09  SCV  
  36  4:11  Marine  
  37  4:17  Marine x2  
  37  4:21  SCV  
  40  4:36  Stimpack  
  40  4:42  Barracks  
  40  4:48  Marine x2  
  40  4:49  Factory Tech Lab  
  42  4:54  Supply Depot  
  42  4:55  Marine x2  
  44  5:00  Terran Infantry Armor Level 1  
  44  5:06  Marine x2  
  46  5:13  Marine  
  47  5:16  Siege Tank  
  47  5:17  Supply Depot  
  50  5:24  Marine x2  
  50  5:26  SCV  
  53  5:31  Barracks Tech Lab  
  52  5:45  Missile Turret  
  52  5:48  Siege Tank  
  55  5:52  Marine x3  
  58  6:04  Marine  
  58  6:05  Marine  
  60  6:20  Siege Tank  
  63  6:27  Supply Depot  
  63  6:48  Marine x2  
  63  6:50  Marine x3  
  63  6:52  Cyclone  
  71  7:55  Marauder  
  70  7:59  Marauder  
  70  8:02  Cyclone  
  70  8:05  Marine x3  
  56  8:16  Marine  
  54  8:20  Marauder  
  54  8:23  Marine x3  
  59  8:34  Reaper  
  59  8:41  Marine x4  
  55  8:58  Marine  
  55  8:59  Marine x3  
  55  9:06  Marine  
  50  9:16  Marine x2  
  49  9:17  Marine x2  
  49  9:24  Marine  
  50  9:34  Marine x3  
  50  9:35  Marine  
  47  9:42  Marine  
  48  9:46  Siege Tank  
  48  9:52  Marine x3  
  53  9:53  Marine  
  53  9:59  Command Center, Marine  
  56  10:10  Marine x4  
  60  10:26  Marine  
  60  10:28  Marine x4  
  65  10:44  Marine  
  65  10:56  Hi-Sec Auto Tracking  
  65  10:58  Barracks Reactor  
  65  11:07  Widow Mine  
  67  11:18  Starport  
  67  11:21  Barracks  
  67  11:25  Missile Turret  
  67  11:32  Planetary Fortress  
  67  11:37  Refinery  
  67  11:42  Refinery  
  67  12:03  Starport Reactor  
  67  12:18  Factory  
  67  12:27  Orbital Command  
  67  12:36  Barracks Reactor  
  67  12:41  Armory  
  67  12:43  SCV  
  68  12:46  Factory  
  68  12:55  SCV  
  69  13:07  SCV  
  69  13:10  SCV  
  71  13:19  SCV  
  72  13:23  SCV  
  73  13:31  SCV  
  73  13:33  Factory Tech Lab  
  74  13:34  Armory  
  74  13:35  Factory Tech Lab, SCV  
  75  13:44  SCV  
  75  13:45  Thor  
  75  13:47  SCV  
  83  13:55  Refinery  
  83  13:56  SCV  
  83  13:58  Marine  
  83  13:59  SCV  
  86  14:03  Supply Depot  
  86  14:06  Supply Depot  
  86  14:12  Refinery  
  86  14:17  Engineering Bay  
  86  14:19  Terran Vehicle Weapons Level 1  
  86  14:25  SCV x2  
  86  14:27  Siege Tank  
  91  14:34  Thor  
  91  14:37  SCV x2  
  99  14:41  Marine x3  
  102  14:53  Supply Depot  
  102  14:57  Supply Depot  
  102  15:00  Terran Infantry Armor Level 2  
  102  15:05  Supply Depot  
  102  15:07  Terran Infantry Weapons Level 2  
  102  15:14  Marine x5  
  102  15:16  Terran Vehicle And Ship Armor Level 1  
  102  15:18  SCV x2  
  109  15:28  Thor  
  115  15:30  SCV  
  116  15:36  Supply Depot  
  116  15:37  Supply Depot  
  116  15:43  Thor  
  116  15:46  Hellbat, Marine x2  
  126  16:02  Supply Depot  
  126  16:06  Thor  
  132  16:32  Marine x5  
  133  16:33  Command Center, Marine x3  
  136  16:45  Thor  
  136  16:46  Hellbat  
  139  16:50  Marine x4  
  143  16:58  Thor  
  143  16:59  Marine  
  150  17:01  Marine x3  
  150  17:07  Marine  
  150  17:08  Marine  
  150  17:16  Marine  
  145  17:38  Supply Depot  
Show
View Real Time Build Order
Export as new Build Order

Metasapien Zerg 

Build Orders: Pool First 

Get SALT Encoding   

  12  0:02  Drone  
  13  0:16  Overlord  
  13  0:18  Drone  
  14  0:23  Drone, Extractor  
  15  0:35  Drone  
  16  0:53  Drone  
  17  0:58  Extractor, Spawning Pool  
  17  0:59  Drone  
  16  1:17  Hatchery  
  15  1:21  Drone  
  16  1:26  Drone  
  16  1:27  Drone  
  18  1:39  Overlord  
  18  1:47  Queen  
  18  1:52  Zergling x2  
  21  2:05  Drone  
  22  2:13  Drone  
  23  2:15  Metabolic Boost  
  23  2:19  Extractor  
  23  2:20  Drone  
  23  2:29  Queen  
  25  2:30  Drone  
  25  2:33  Spine Crawler  
  25  2:43  Drone  
  26  2:52  Overlord, Spine Crawler  
  26  2:55  Drone  
  26  2:58  Drone  
  27  3:04  Drone  
  29  3:12  Drone  
  29  3:15  Drone x3  
  32  3:21  Overlord  
  32  3:35  Drone x2  
  34  3:44  Roach Warren  
  34  3:46  Drone x2  
  34  3:48  Drone  
  36  3:52  Drone  
  36  3:53  Drone  
  38  3:56  Drone  
  38  3:59  Drone  
  40  4:10  Extractor  
  40  4:14  Extractor  
  38  4:21  Spore Crawler  
  37  4:24  Lair  
  37  4:27  Drone x5  
  37  4:30  Zergling x2, Roach  
  37  4:31  Roach x3  
  51  4:45  Overlord  
  51  4:46  Overlord  
  51  4:56  Ravager  
  52  5:04  Overlord  
  52  5:05  Drone x3  
  55  5:07  Drone x2  
  57  5:34  Hydralisk Den, Hatchery  
  55  5:36  Roach x2  
  55  5:37  Roach x6  
  55  5:42  Evolution Chamber  
  70  5:45  Drone, Evolution Chamber  
  70  5:46  Drone  
  71  5:52  Ravager  
  71  5:55  Ravager  
  73  6:02  Drone  
  74  6:04  Drone x2  
  74  6:10  Overlord x3  
  76  6:11  Overlord  
  76  6:14  Muscular Augments, Glial Reconstitution  
  76  6:17  Zerg Ground Armor Level 1  
  76  6:26  Zerg Missile Weapons Level 1  
  76  6:35  Nydus Network  
  76  6:38  Overseer  
  75  6:40  Pneumatized Carapace  
  75  6:41  Overlord x3  
  75  6:46  Hydralisk  
  74  6:47  Roach  
  74  6:50  Roach  
  80  6:58  Drone  
  82  7:17  Overlord x3  
  82  7:18  Hydralisk  
  82  7:19  Hydralisk x2, Roach  
  85  7:28  Hydralisk x2  
  85  7:29  Hydralisk x2  
  93  7:36  Overlord  
  63  8:08  Roach x2, Hydralisk x3  
  63  8:09  Roach  
  58  8:23  Roach x2  
  58  8:24  Roach x2  
  66  8:32  Hydralisk  
  68  8:40  Hydralisk  
  68  8:41  Roach  
  34  9:04  Hydralisk x2  
  34  9:05  Hydralisk x4  
  34  9:07  Queen x2  
  44  9:28  Hydralisk x3  
  44  9:29  Hydralisk  
  46  9:40  Hydralisk x2  
  50  9:51  Drone  
  50  9:52  Drone  
  52  10:01  Drone  
  52  10:02  Drone  
  52  10:04  Drone  
  55  10:16  Drone  
  56  10:29  Hatchery  
  56  10:30  Drone x3  
  58  10:39  Drone, Extractor  
  58  10:40  Drone x3  
  58  10:41  Drone  
  62  10:52  Spore Crawler  
  61  11:01  Queen  
  63  11:18  Drone x3  
  65  11:20  Drone x4  
  65  11:21  Drone x3  
  73  11:41  Drone x2  
  73  11:42  Drone x2  
  73  11:43  Drone x2  
  73  11:44  Drone  
  80  12:02  Drone x2  
  80  12:05  Extractor  
  80  12:07  Extractor  
  80  12:13  Roach, Hydralisk x4  
  80  12:14  Roach x3, Hydralisk  
  98  12:23  Zerg Missile Weapons Level 2  
  98  12:25  Zerg Ground Armor Level 2  
  98  12:46  Drone x3  
  98  12:47  Drone  
  98  12:48  Drone x2  
  98  12:49  Overlord x2  
  104  12:53  Overlord  
  104  12:55  Overlord  
  104  12:57  Hatchery  
  103  13:04  Drone x2  
  105  13:25  Infestation Pit  
  105  13:26  Roach x2, Hydralisk x3  
  105  13:27  Roach x4  
  122  13:42  Overseer x2  
  122  13:58  Extractor  
  122  14:01  Extractor  
  120  14:16  Queen  
  122  14:17  Spore Crawler  
  122  14:18  Drone  
  122  14:19  Overlord x4  
  122  14:30  Roach, Hydralisk x4  
  122  14:31  Roach x3, Hydralisk  
  140  14:40  Hive  
  140  14:49  Burrow  
  140  14:51  Infestor x2  
  140  14:52  Infestor x2  
  146  14:57  Hydralisk  
  146  14:58  Roach, Hydralisk x3  
  146  14:59  Roach x3  
  164  15:01  Roach  
  166  15:12  Drone  
  167  15:15  Drone  
  167  15:16  Drone x2  
  167  15:17  Drone x3  
  167  15:19  Overlord  
  167  15:20  Overlord  
  173  15:25  Tunneling Claws  
  173  15:29  Overseer  
  173  15:39  Hydralisk  
  173  15:40  Roach, Hydralisk x4  
  173  15:41  Roach x3  
  191  15:47  Ravager x5  
  191  15:48  Ravager x2  
  198  16:17  Spire  
  197  16:35  Pathogen Glands  
  131  16:52  Hydralisk x4  
  131  16:53  Roach x4  
  98  16:55  Ravager x2  
  83  17:08  Hydralisk  
  83  17:09  Roach x4, Hydralisk x2  
  83  17:10  Roach  
Show
View Real Time Build Order
Export as new Build Order

Kswiss Protoss 

Build Orders: Oracle Opening 

Get SALT Encoding   

  12  0:05  Probe (Chrono Boost)  
  13  0:15  Probe (Chrono Boost)  
  14  0:22  Pylon  
  14  0:26  Probe (Chrono Boost)  
  15  0:41  Probe (Chrono Boost)  
  16  0:49  Forge  
  16  0:51  Gateway  
  16  0:57  Assimilator  
  16  1:00  Probe (Chrono Boost)  
  18  1:11  Probe (Chrono Boost)  
  18  1:22  Probe (Chrono Boost), Pylon  
  19  1:32  Probe (Chrono Boost)  
  20  1:43  Probe (Chrono Boost)  
  20  1:44  Cybernetics Core  
  21  2:06  Nexus  
  22  2:15  Probe (Chrono Boost)  
  22  2:20  Assimilator  
  22  2:23  Photon Cannon  
  22  2:32  Photon Cannon  
  22  2:42  Photon Cannon  
  22  2:47  Probe (Chrono Boost)  
  23  2:56  Assimilator  
  23  3:00  Assimilator  
  23  3:09  Stargate  
  23  3:13  Pylon  
  23  3:19  Probe (Chrono Boost)  
  24  3:30  Probe (Chrono Boost)  
  24  3:32  Probe (Chrono Boost)  
  26  3:40  Probe (Chrono Boost)  
  27  3:44  Pylon  
  27  3:45  Pylon  
  27  3:49  Assimilator  
  27  3:51  Probe (Chrono Boost)  
  28  3:58  Oracle (Chrono Boost)  
  28  4:00  Probe (Chrono Boost)  
  32  4:10  Probe  
  33  4:21  Probe  
  33  4:22  Stargate  
  34  4:25  Protoss Air Weapons Level 1  
  34  4:38  Photon Cannon  
  34  4:42  Pylon  
  34  4:54  Pylon  
  34  4:55  Probe  
  34  4:57  Pylon  
  35  5:06  Probe  
  35  5:09  Photon Cannon  
  35  5:11  Photon Cannon  
  36  5:16  Probe  
  37  5:23  Photon Cannon  
  37  5:27  Probe, Photon Cannon  
  38  5:38  Probe  
  36  5:48  Probe  
  37  5:57  Stargate  
  37  5:59  Probe  
  37  6:01  Fleet Beacon  
  38  6:06  Pylon  
  38  6:08  Photon Cannon  
  42  6:19  Void Ray (Chrono Boost)  
  42  6:23  Probe, Protoss Air Armor Level 1  
  43  6:34  Probe  
  44  6:43  Void Ray (Chrono Boost)  
  44  6:44  Probe  
  49  6:52  Void Ray (Chrono Boost)  
  53  7:03  Probe  
  54  7:13  Probe  
  55  7:25  Probe  
  60  7:35  Void Ray (Chrono Boost)  
  60  7:36  Carrier (Chrono Boost)  
  72  7:40  Carrier (Chrono Boost)  
  66  8:23  Carrier (Chrono Boost), Protoss Shields Level 1  
  52  8:54  Graviton Catapult (Chrono Boost)  
  52  9:00  Carrier (Chrono Boost)  
  64  9:04  Carrier (Chrono Boost)  
  48  9:47  Pylon  
  48  9:58  Nexus  
  54  10:01  Carrier (Chrono Boost)  
  54  10:21  Protoss Air Weapons Level 2 (Chrono Boost)  
  54  10:48  Nexus  
  54  11:02  Robotics Facility  
  54  11:22  Pylon  
  54  11:43  Phoenix x2  
  58  12:17  Probe  
  59  12:27  Probe  
  60  12:32  Probe  
  61  12:38  Probe  
  61  12:40  Assimilator  
  61  12:42  Probe  
  63  12:45  Assimilator  
  63  12:49  Probe  
  64  12:53  Probe  
  65  12:59  Probe  
  65  13:03  Probe  
  67  13:14  Probe  
  68  13:24  Probe  
  69  13:35  Probe  
  69  13:39  Protoss Air Weapons Level 3 (Chrono Boost)  
  70  13:45  Probe  
  71  13:58  Pylon  
  71  13:59  Twilight Council  
  71  14:05  Robotics Bay  
  71  14:08  Carrier  
  77  14:35  Carrier  
  83  14:38  Phoenix  
  83  14:42  Pylon  
  85  14:49  Pylon  
  85  14:53  Protoss Shields Level 2 (Chrono Boost)  
  85  15:00  Pylon  
  85  15:01  Pylon  
  85  15:04  Stargate  
  85  15:11  Stargate  
  85  15:31  Colossus (Chrono Boost)  
  91  15:55  Extended Thermal Lance (Chrono Boost)  
  91  15:56  Carrier  
  97  16:27  Nexus  
Tags
 
Add a new tag
Caveats
  • Supply blocks, unpowered buildings, or Contaminate may cause inaccurate times.
  • Supply counts are checked every 10 seconds.